AoeStats
← Comend x comend

African Clearing

506777974Analyzed
4v4 RM · 18d ago on Sep 15, 2026· 66m 47s· 8 players
Game mode
Random Map
Map size
Large (8 player)
Population
200
Speed
Normal
Resources
Standard
Victory
Conquest
Starting age
Dark Age
Ending age
Imperial Age
RankedLock teamsTeams togetherTeam positionsShared explorationLock speedFull tech treeHidden civsTurbo modeCheats
Victory
Defeat
🇧🇷 Malay · Brazil
1411
+11
🇵🇪 Persians · Peru
1356
+13
🇦🇷 Khmer · Argentina
1352
+13
🇦🇷 Hindustanis · Argentina
1330
+14
🇲🇽 Spanish · Mexico
1434
-18
🇦🇷 Huns · Argentina
1304
-13
🇲🇽 Persians · Mexico
1229
-10
🇨🇴 Mongols · Colombia
1223
-10
Mionel Lessi
3:17 Loom
15:47 Feudal Age
22:50 Castle Age
21:04 Horse Collar
22:39 Wheelbarrow
21:52 Double-Bit Axe
27:57 Town Watch
28:24 Gold Mining
28:52 Bow Saw
28:46 Heavy Plow
29:18 Forging
30:15 Gold Shaft Mining
30:23 Hand Cart
32:26 Husbandry
35:01 Imperial Age
32:59 Scale Barding Armor
33:29 Iron Casting
34:24 Elite Battle Elephant
36:40 Blast Furnace
47:23 Fletching
48:56 Conscription
48:20 Elite Karambit Warrior
50:26 Squires
50:11 Arson
65:32 Crop Rotation
MHT. Nahuel 047
11:57 Loom
14:13 Feudal Age
18:38 Castle Age
17:12 Double-Bit Axe
27:39 Fletching
28:14 Padded Archer Armor
28:46 Elite Skirmisher
30:48 Ballistics
31:46 Bodkin Arrow
34:57 Leather Archer Armor
38:56 Imperial Age
38:44 Wheelbarrow
51:37 Conscription
51:38 Bloodlines
51:21 Heavy Camel Rider
52:02 Husbandry
52:24 Bow Saw
52:38 Scale Barding Armor
53:25 Ring Archer Armor
54:06 Chemistry
53:39 Bracer
55:37 Chain Barding Armor
58:37 Forging
60:14 Plate Barding Armor
61:56 Iron Casting
61:57 Imperial Camel Rider
64:30 Light Cavalry
65:29 Hand Cart
65:00 Town Watch
65:27 Hussar
Comend x comend
6:58 Loom
13:45 Feudal Age
14:55 Double-Bit Axe
18:38 Castle Age
17:27 Bloodlines
19:31 Bow Saw
33:28 Horse Collar
36:04 Wheelbarrow
35:54 Heavy Plow
41:20 Imperial Age
41:03 Hand Cart
42:15 Conscription
42:54 Elite War Elephant
45:40 Crop Rotation
46:26 Gold Mining
46:29 Stone Mining
48:14 Forging
48:09 Scale Barding Armor
49:23 Gold Shaft Mining
49:56 Iron Casting
50:58 Chain Barding Armor
53:10 Blast Furnace
53:48 Stone Shaft Mining
55:02 Citadels
57:03 Plate Barding Armor
58:42 Ballistics
58:20 Murder Holes
58:54 Ballistics
58:46 Masonry
62:23 Two-Man Saw
Owen Guillermo Crippa
7:24 Loom
10:51 Feudal Age
26:55 Wheelbarrow
46:29 Town Watch
47:50 Horse Collar
48:06 Double-Bit Axe
51:38 Castle Age
53:11 Hand Cart
61:47 Bow Saw
62:41 Hand Cart
63:48 Forging
68:41 Imperial Age
67:07 Scale Barding Armor
67:37 Iron Casting
67:22 Heavy Plow
67:24 Town Patrol
dario_def
5:35 Loom
13:34 Feudal Age
14:33 Double-Bit Axe
17:30 Castle Age
15:50 Fletching
18:00 Padded Archer Armor
18:37 Bow Saw
23:39 Bloodlines
25:41 Gold Mining
27:30 Wheelbarrow
26:42 Town Watch
26:46 Horse Collar
27:50 Stone Mining
28:23 Heavy Plow
29:18 Husbandry
30:14 Leather Archer Armor
30:56 Bodkin Arrow
33:58 Thumb Ring
35:04 Hand Cart
39:38 Imperial Age
38:30 Scale Barding Armor
40:02 Heavy Cavalry Archer
41:08 Parthian Tactics
42:15 Chemistry
41:36 Ballistics
42:09 Bracer
42:37 Cavalier
44:00 Pikeman
44:40 Squires
44:41 Scale Mail Armor
44:52 Forging
47:55 Halberdier
51:16 Chain Mail Armor
53:13 Iron Casting
53:59 Two-Man Saw
54:42 Masonry
55:57 Blast Furnace
56:35 Coinage
58:14 Conscription
58:58 Chain Barding Armor
[SotC] Memowolf
5:30 Loom
14:09 Feudal Age
15:17 Double-Bit Axe
18:09 Castle Age
16:27 Gold Mining
19:23 Scale Barding Armor
21:12 Bloodlines
23:12 Forging
25:08 Chain Barding Armor
26:46 Horse Collar
31:02 Stone Mining
32:03 Heavy Plow
34:17 Iron Casting
38:57 Imperial Age
37:04 Wheelbarrow
37:05 Pikeman
39:38 Halberdier
41:07 Hand Cart
50:35 Gambesons
51:02 Fletching
51:46 Bodkin Arrow
51:52 Man-at-Arms
52:57 Town Watch
58:41 Blast Furnace
57:42 Scale Mail Armor
63:27 Cavalier
Estan_Jugando_?
11:09 Loom
13:53 Feudal Age
19:15 Fletching
29:23 Castle Age
31:20 Wheelbarrow
30:31 Town Watch
31:14 Double-Bit Axe
32:06 Bow Saw
32:01 Padded Archer Armor
41:52 Imperial Age
42:15 Scale Mail Armor
42:25 Forging
42:01 Pikeman
42:42 Squires
43:18 Halberdier
48:28 Horse Collar
66:12 Chain Mail Armor
66:33 Iron Casting
66:12 Bodkin Arrow
[SotC] Maxeld
10:18 Loom
12:24 Feudal Age
13:51 Double-Bit Axe
14:54 Town Watch
17:45 Castle Age
15:36 Horse Collar
17:28 Fletching
18:54 Bow Saw
18:50 Bodkin Arrow
20:30 Padded Archer Armor
24:07 Heavy Plow
27:16 Ballistics
34:24 Wheelbarrow
36:29 Hand Cart
37:23 Leather Archer Armor
40:11 Imperial Age
38:35 Leather Archer Armor
38:28 Thumb Ring
38:27 Husbandry
38:37 Bloodlines
40:11 Light Cavalry
41:03 Bracer
42:20 Scale Barding Armor
42:25 Forging
41:38 Hussar
42:47 Conscription
42:05 Elite Mangudai
43:13 Parthian Tactics
43:27 Chain Barding Armor
44:54 Chemistry
44:00 Siege Engineers
46:19 Iron Casting
46:47 Scale Mail Armor
48:38 Blast Furnace
47:01 Pikeman
47:42 Squires
49:02 Chain Mail Armor
50:17 Drill
49:57 Nomads
50:10 Capped Ram
52:09 Siege Ram
54:30 Coinage
54:01 Caravan
54:45 Plate Mail Armor
56:46 Banking
Connection lost

Rejoining the realm…

Still unreachable

The connection could not be restored.

Session expired

The server has moved on; the page needs a fresh start.